 Dungeon Crawl Stone Soup version 0.18.1-8-gdd0e5ea (webtiles) character file.

270 Gargoyl the Skirmisher (level 6, 0/48 HPs)
             Began as a Demonspawn Abyssal Knight on May 23, 2016.
             Was a Believer of Lugonu.
             Slain by a scorpion (1 damage)
             ... on level 4 of the Dungeon.
             The game lasted 00:08:13 (3125 turns).

Gargoyl the Skirmisher (Demonspawn Abyssal Knight)  Turns: 3125, Time: 00:08:13

Health: 0/48       AC:  5    Str: 14    XL:     6   Next: 1%
Magic:  0/8        EV: 14    Int: 13    God:    Lugonu [**....]
Gold:   169        SH:  0    Dex: 13    Spells: 0 memorised, 5 levels left

rFire  . . .     SeeInvis .     a - +1 hand axe
rCold  . . .     Gourm    .     b - +0 leather armour
rNeg   . . .     Faith    .     (no shield)
rPois  .         Spirit   +     (no helmet)
rElec  .         Dismiss  .     (no cloak)
rCorr  +         Reflect  .     (no gloves)
SustAt .         Harm     .     f - +1 pair of boots {Fly}
MR     .....                    (no amulet)
Stlth  +.........               (no ring)
                                e - ring of resist corrosion

@: lethally poisoned (0 -> -1), flying, not resistant to hostile enchantments,
very unstealthy
A: claws 1, repulsion field 1, powered by death 1, magic shield
a: Depart the Abyss, Bend Space, Renounce Religion, Stop Flying


You were on level 4 of the Dungeon.
You worshipped Lugonu.
Lugonu was pleased with you.
You were near starving.

You visited 1 branch of the dungeon, and saw 4 of its levels.
You visited the Abyss 1 time.

You collected 169 gold pieces.

Inventory:

Hand Weapons
 a - a +1 hand axe (weapon)
Armour
 b - a +0 leather armour (worn)
 f - a +1 pair of boots of flying (worn)
Jewellery
 e - a ring of resist corrosion (left claw)
 h - a cursed -3 ring of intelligence {unknown}
 k - a +3 amulet of reflection {unknown}
Scrolls
 j - a scroll of amnesia {unknown}
Comestibles
 c - 5 bread rations
 g - a royal jelly
 l - a meat ration
 n - a beef jerky


   Skills:
 + Level 4.2 Fighting
 + Level 2.8 Axes
 + Level 3.0 Armour
 + Level 2.9 Dodging
 + Level 0.8 Stealth
 + Level 2.7 Invocations


You had 5 spell levels left.
You didn't know any spells.

Dungeon Overview and Level Annotations

Branches:
Dungeon (4/15)             Temple (0/1) D:4

Altars:
Okawaru

Annotations:
D:3 GFox's ghost, amateur MiMo
D:4 lupus83's ghost, amateur DEWz


Innate Abilities, Weirdness & Mutations

You have sharp fingernails.
You are surrounded by a mild repulsion field (EV +2).
You regenerate a little health from kills.
When hurt, damage is shared between your health and your magic reserves.


Message History

The jackal bites you.
* * * LOW HITPOINT WARNING * * *
You aren't carrying any potions.
There is a stone staircase leading up here.
You hit the jackal but do no damage. You hit the scorpion but do no damage.
The scorpion is moderately wounded.
You feel sick. The jackal closely misses you. The scorpion stings you.
* * * LOW HITPOINT WARNING * * *
The jackal barely misses you.
Unknown command.
You closely miss the jackal. You hit the scorpion.
The scorpion is moderately wounded.
Lupus83's ghost casts a spell.
Lupus83's ghost blinks!
The jackal misses you. The scorpion closely misses you.
Unknown command.
You barely miss the jackal. You hit the scorpion but do no damage.
The scorpion is moderately wounded.
The jackal bites you but does no damage.
The scorpion stings you.
You die...

...........# #####......#
#......##+###
+...........########
#...................
#...................
#......W............
....#...................
..h.#.......5.5h@.......
..h.#.........5s........
..$.#...........###+####
....#......###+##
....#......#.....
....#......#....
....#......#...##+#######
....'......#...#........#
....#......#...#........#


You could see a scorpion, an iron imp, lupus83's ghost, a crimson imp, a white
imp and a jackal.

Vanquished Creatures
  Sigmund (D:2)
  A gnoll (D:1)
  5 adders
  2 oozes
  An adder skeleton (D:4)
  3 worms
  3 dart slugs
  2 giant geckos
  An orc (D:4)
  A giant cockroach (D:2)
  4 goblins
  5 hobgoblins
  A quokka (D:2)
  2 ball pythons (D:1)
  3 bats (D:1)
  3 giant newts (D:1)
  8 kobolds
  A quokka skeleton (D:4)
  6 rats
53 creatures vanquished.

Notes
Turn   | Place    | Note
--------------------------------------------------------------
     0 | Abyss:1  | Gargoyl the Demonspawn Abyssal Knight began the quest for the Orb.
     0 | Abyss:1  | Reached XP level 1. HP: 18/18 MP: 2/2
    38 | Abyss:1  | Noticed a large abomination
    53 | Abyss:1  | Noticed a starcursed mass
    55 | D:1      | Escaped the Abyss
   345 | D:1      | Reached skill level 1 in Dodging
   364 | D:1      | Reached * piety under Lugonu
   439 | D:1      | Gained mutation: You have sharp fingernails. [demonic ancestry]
   439 | D:1      | Reached XP level 2. HP: 19/24 MP: 3/3
   946 | D:1      | Reached XP level 3. HP: 8/30 MP: 3/5
  1693 | D:2      | Noticed Sigmund
  1999 | D:2      | Killed Sigmund
  1999 | D:2      | Reached skill level 4 in Fighting
  1999 | D:2      | Gained mutation: When hurt, damage is shared between your health and your magic reserves. [demonic ancestry]
  1999 | D:2      | Reached XP level 4. HP: 37/37 MP: 6/6
  1999 | D:2      | Gained mutation: You regenerate a little health from kills. [demonic ancestry]
  1999 | D:2      | Reached XP level 5. HP: 42/42 MP: 7/7
  2091 | D:2      | Reached ** piety under Lugonu
  2332 | D:3      | Noticed GFox's ghost (amateur MiMo)
  2618 | D:4      | Found an iron altar of Okawaru.
  2717 | D:4      | Found a staircase to the Ecumenical Temple.
  2729 | D:4      | Gained mutation: You are surrounded by a mild repulsion field (EV +2). [demonic ancestry]
  2729 | D:4      | Reached XP level 6. HP: 44/48 MP: 5/8
  2767 | D:4      | Noticed lupus83's ghost (amateur DEWz)
  2795 | D:4      | HP: 2/48 [shadow imp/nerve-wracking pain[lupus83's ghost] (11)]
  3123 | D:4      | HP: 1/48 [scorpion (2)]
  3125 | D:4      | Slain by a scorpion

Skill      XL: |  1  2  3  4  5 |
---------------+----------------+-----
Dodging        | 1 2 |  2.9
Axes           | 2 |  2.8
Armour         | 2 3 |  3.0
Fighting       | 4 |  4.2
Stealth        | |  0.8
Invocations    | |  2.7

Action                   |  1- 3 |  4- 6 || total
-------------------------+-------+-------++-------
Melee: Hand axe          |   123 |   137 ||   260
Throw: Tomahawk          |       |     5 ||     5
Invok: Depart the Abyss  |     1 |       ||     1
  Use: Potion            |     2 |     1 ||     3
       Scroll            |       |     4 ||     4
 Stab: Sleeping          |       |     1 ||     1
  Eat: Chunk             |     3 |     3 ||     6
Armor: Leather armour    |    39 |    49 ||    88
       Skin              |     3 |     8 ||    11
Dodge: Dodged            |    79 |   110 ||   189
